AoeStats
← ikbendom

Arabia

510727586Analyzed
1v1 RM · 16h ago on Oct 2, 2026· 41m 43s· 2 players
Game mode
Random Map
Map size
Tiny (2 player)
Population
200
Speed
Normal
Resources
Standard
Victory
Conquest
Starting age
Dark Age
Ending age
Imperial Age
RankedLock teamsTeams togetherTeam positionsShared explorationLock speedFull tech treeHidden civsTurbo modeCheats
Victory
Defeat
🇲🇽 Khmer · Mexico
755
+19
🇳🇱 Turks · Netherlands
816
-33
JamonRush
5:48 Loom
7:59 Feudal Age
21:46 Castle Age
20:33 Scale Barding Armor
20:56 Forging
20:35 Double-Bit Axe
20:34 Horse Collar
22:18 Bloodlines
23:15 Chain Barding Armor
23:07 Husbandry
25:16 Iron Casting
26:24 Town Watch
35:07 Heavy Plow
35:21 Bow Saw
40:08 Imperial Age
39:47 Light Cavalry
40:43 Hussar
42:22 Plate Barding Armor
ikbendom
11:20 Feudal Age
9:36 Loom
11:50 Double-Bit Axe
13:23 Wheelbarrow
12:38 Horse Collar
14:25 Gold Mining
15:47 Fletching
17:42 Forging
25:58 Castle Age
25:34 Padded Archer Armor
26:22 Crossbowman
28:15 Bodkin Arrow
Connection lost

Rejoining the realm…

Still unreachable

The connection could not be restored.

Session expired

The server has moved on; the page needs a fresh start.